 Dungeon Crawl Stone Soup version 0.30.0-19-g36f170ea60 (webtiles) character file.

Game seed: 9143039643962902411

32 GimliDwarf the Grave Robber (level 3, -1/19 HPs)
             Began as a Deep Elf Necromancer on June 1, 2023.
             Slain by a cerulean imp
             ... wielding a +1 spear
             ... summoned by Natasha
              (3 damage)
             ... on level 2 of the Dungeon.
             The game lasted 00:03:30 (981 turns).

GimliDwarf the Grave Robber (Deep Elf Necromancer)   Turns: 981, Time: 00:03:30

Health: -1/19      AC:  2    Str:  5    XL:     3   Next: 8%
Magic:  6/10       EV: 12    Int: 21    God:
Gold:   73         SH:  0    Dex: 15    Spells: 5/9 levels left

rFire   . . .        h - +2 whip (vamp)
rCold   . . .        (no shield)
rNeg    . . .        a - +0 robe
rPois   .            (no helmet)
rElec   .            (no cloak)
rCorr   .            (no gloves)
SInv    .            (no boots)
Will    .....        (no amulet)
Stlth   ++           (no ring)
HPRegen 0.23/turn    (no ring)
MPRegen 0.12/turn

%: no passive effects
@: no status effects
A: no striking features
a: no special abilities


You were on level 2 of the Dungeon.
You visited 1 branch of the dungeon, and saw 2 of its levels.

You collected 73 gold pieces.

Inventory:

Hand Weapons
 h - a +2 vampiric whip (weapon)
 l - a +0 triple crossbow
Armour
 a - a +0 robe (worn)
Jewellery
 d - an amulet of guardian spirit
 k - a ring of protection from fire
Scrolls
 e - a scroll of amnesia
 j - a scroll of identify {unknown}
Potions
 b - a potion of magic
 f - a potion of cancellation {unknown}
 i - a potion of mutation {unknown}


   Skills:
 + Level 2.4 Dodging
 + Level 2.4 Stealth
 + Level 3.8 Spellcasting
 + Level 5.6 Necromancy


You had 5 spell levels left.
You knew the following spells:

 Your Spells              Type           Power      Damage    Failure   Level
a - Necrotise             Necr           100%       1d9       1%          1
b - Vampiric Draining     Necr           27%        2d7       3%          3

Your spell library contained the following spells:

 Spells                   Type           Power      Damage    Failure   Level
 Animate Dead             Necr           27%        N/A       12%         4
 Agony                    Necr           27%        N/A       32%         5


Dungeon Overview and Level Annotations

Branches:
Dungeon (2/15)

Altars:

Annotations:
D:2 Natasha


Message History

As you read the scroll labelled PYBLAI FOSHECA, it crumbles to dust.
You assume a fearsome visage.
Nothing appears to happen.
It was a scroll of fear.
As you read the scroll labelled ACZIUQ SOUL, it crumbles to dust.
It is a scroll of amnesia.
Really abort (and waste the scroll)?
Okay, then.
As you read the scroll labelled DYUSMY DAZAISHRIV, it crumbles to dust.
You feel strangely unstable.
It was a scroll of teleportation.
You climb upwards.
There is a stone staircase leading down here.
Your surroundings suddenly seem different.
There is a stone staircase leading down here.
You climb downwards.
There is a stone staircase leading up here.
Aiming: Necrotise (safe; 1% risk of failure)
Press: ? - help, Q - select action Shift-Dir - straight line, f - Natasha
Aim: Natasha, carrying a wand of flame (19) (asleep, chance to affect: 83%) Natasha hisses angrily.
Natasha writhes in agony.
Natasha zaps a wand.
The puff of flame hits you!
Ouch! That really hurt!
Aiming: Necrotise (safe; 1% risk of failure)
Press: ? - help, Q - select action Shift-Dir - straight line, f/p - Natasha
Aim: Natasha, carrying a wand of flame (18) (moderately wounded, chance to affect: 83%) Natasha writhes in agony.
Natasha closely misses you.
Aiming: Necrotise (safe; 1% risk of failure)
Press: ? - help, Q - select action Shift-Dir - straight line, f/p - Natasha
Aim: Natasha, carrying a wand of flame (18) (heavily wounded, chance to affect: 83%) Natasha writhes in agony.
Natasha mumbles some strange words.
Aiming: Necrotise (safe; 1% risk of failure)
Press: ? - help, Q - select action Shift-Dir - straight line, f/p - Natasha
Aim: Natasha, carrying a wand of flame (18) (almost dead, chance to affect: 83%) Natasha writhes in agony.
Natasha claws you.
* * * LOW HITPOINT WARNING * * *
The cerulean imp hits you from afar with a +1 spear.
You die...

#.#
#.#
#.#
#.#
#.#
#.#
#.#
#@#
#h#
#.5
####


You could see Natasha and a cerulean imp (summoned).

Vanquished Creatures
  2 dart slugs (D:1)
  An endoplasm (D:1)
  2 goblins (D:1)
  2 hobgoblins (D:1)
  6 kobolds (D:1)
  3 quokkas (D:1)
  2 ball pythons (D:1)
  2 frilled lizards (D:1)
  3 rats (D:1)
23 creatures vanquished.

Vanquished Creatures (collateral kills)
  2 ball pythons (D:1)
  A goblin (D:1)
3 creatures vanquished.

Grand Total: 26 creatures vanquished

Notes
Turn   | Place    | Note
-------+----------+-------------------------------------------
     0 | D:1      | GimliDwarf the Deep Elf Necromancer began the quest for the
                  | Orb.
     0 | D:1      | Reached XP level 1. HP: 10/10 MP: 6/6
   137 | D:1      | Reached skill level 5 in Necromancy
   233 | D:1      | Reached XP level 2. HP: 15/15 MP: 4/8
   604 | D:1      | Reached XP level 3. HP: 19/19 MP: 6/10
   952 | D:1      | Learned a level 3 spell: Vampiric Draining
   977 | D:2      | Noticed Natasha
   981 | D:2      | Slain by a cerulean imp

Illustrated notes

Levels and vault maps discovered:
D:1:      dpeg_arrival_concentric_ovals, layout_basic, minivault_25,
          minmay_vboxes
D:2:      layout_loops_ring, minmay_tromino_i2, uniq_natasha

Skill      XL: |  1 |
---------------+----+-----
Necromancy     | 5 |  5.6
Dodging        | |  2.4
Stealth        | |  2.4
Spellcasting   | |  3.8

Action                     || total
---------------------------++-------
  Melee: Whip              ||     3
   Cast: Necrotise         ||    42
    Use: Scroll            ||     3
 Armour: Robe              ||     3
  Dodge: Dodged            ||    11
